 Dungeon Crawl Stone Soup version 0.26.1-2-gb8aa6d0cf2 (webtiles) character file.

Game seed: 8468944027994351569

32 KamiKatze the Chiller (level 3, -6/24 HPs)
             Began as a Merfolk Ice Elementalist on Feb 14, 2021.
             Mangled by Sigmund
             ... wielding a +0 scythe
              (12 damage)
             ... on level 2 of the Dungeon.
             The game lasted 00:04:37 (882 turns).

KamiKatze the Chiller (Merfolk Ice Elementalist)     Turns: 882, Time: 00:04:37

Health: -6/24      AC:  2    Str:  8    XL:     3   Next: 25%
Magic:  1/7        EV: 13    Int: 15    God:
Gold:   103        SH:  0    Dex: 14    Spells: 0/7 levels left

rFire    . . .     SeeInvis .   h - +0 dagger
rCold    . . .     Faith    .   (no shield)
rNeg     . . .     Spirit   .   c - +0 robe
rPois    .         Reflect  .   (no helmet)
rElec    .         Harm     .   (no cloak)
rCorr    .         Rampage  .   (no gloves)
Will     .....                  (no boots)
Stlth    ++........             b - amulet of magic regeneration
HPRegen  0.08/turn              (no ring)
MPRegen  0.35/turn              (no ring)

@: frozen ramparts
A: change form in water, swift swim, stealthy swim
a: no special abilities


You were on level 2 of the Dungeon.
You visited 1 branch of the dungeon, and saw 2 of its levels.

You collected 103 gold pieces.

Inventory:

Hand Weapons
 a - a +0 whip
 h - a +0 dagger (weapon)
Armour
 c - a +0 robe (worn)
Jewellery
 b - an amulet of magic regeneration (around neck)
 j - an uncursed amulet of reflection {unknown}
Scrolls
 e - 3 scrolls of teleportation {unknown}
 f - a scroll of identify {unknown}
 k - a scroll of immolation {unknown}
Potions
 d - a potion of attraction {unknown}
 g - a potion of cancellation {unknown}
 i - a potion of lignification {unknown}
 l - a potion of might {unknown}
 m - a potion of mutation {unknown}


   Skills:
 - Level 3.0 Dodging
 - Level 2.1 Stealth
 * Level 2.7 Spellcasting
 * Level 4.9 Ice Magic


You couldn't memorise any spells.
You knew the following spells:

 Your Spells              Type           Power        Failure   Level
a - Freeze                Ice            64%          2%          1
b - Frozen Ramparts       Ice            32%          9%          3
c - Ozocubu's Armour      Ice            16%          9%          3

Your spell library contained the following spells:

 Spells                   Type           Power        Failure   Level
 Hailstorm                Conj/Ice       9%           58%         4
 Summon Ice Beast         Ice/Summ       9%           58%         4


Dungeon Overview and Level Annotations

Branches:
Dungeon (2/15)

Altars:

Annotations:
D:2 Sigmund


Message History

Casting: Frozen Ramparts (quite dangerous; 9% risk of failure)
Press: ? - help, Dir - look around, f - activate The walls around you are covered in ice.
Your magical contamination has completely faded away.
Unknown command.
Casting: Frozen Ramparts (quite dangerous; 9% risk of failure)
Confirm with . or Enter, or press ? or * to list all spells.
You can't see any susceptible monsters within range! (Use Z to cast anyway.) Unknown command.
Casting: Frozen Ramparts (quite dangerous; 9% risk of failure)
Confirm with . or Enter, or press ? or * to list all spells.
Aiming: Freeze (safe; 2% risk of failure)
Press: ? - help, Shift-Dir - straight line You freeze something.
The wall freezes something.
Something hits you!
* * * LOW HITPOINT WARNING * * *
Unknown command.
Unknown command.
The wall freezes the worm.
The wall freezes something.
Something hits you!
Ouch! That really hurt!
You die...

## #########
#........ #
#.####### #. #.#
###.##########.#
#..............#
#.#.#@##########
.. ##{...... #..
..###.. .). ....
.# #.### .# .#
.#


There were no monsters in sight!

Vanquished Creatures
  A gnoll (D:1)
  A dart slug (D:1)
  3 leopard geckos (D:1)
  A giant cockroach (D:1)
  3 goblins (D:1)
  2 hobgoblins (D:1)
  A bat (D:1)
  A frilled lizard (D:2)
  4 kobolds (D:1)
17 creatures vanquished.

Notes
Turn   | Place    | Note
-------+----------+-------------------------------------------
     0 | D:1      | KamiKatze the Merfolk Ice Elementalist began the quest for
                  | the Orb.
     0 | D:1      | Reached XP level 1. HP: 13/13 MP: 3/3
   116 | D:1      | Reached XP level 2. HP: 15/19 MP: 3/5
   665 | D:1      | Reached XP level 3. HP: 24/24 MP: 4/7
   669 | D:1      | Learned a level 3 spell: Frozen Ramparts
   673 | D:1      | Learned a level 3 spell: Ozocubu's Armour
   870 | D:2      | Noticed Sigmund
   882 | D:2      | Mangled by Sigmund

Illustrated notes

Levels and vault maps discovered:
D:1:      amcnicky_arrival_double_pillar, layout_rooms
D:2:      layout_loops_ring, amcnicky_mini_pool_small,
          minmay_misc_feat_ornament, uniq_sigmund

Skill      XL: |  1  2 |
---------------+-------+-----
Dodging        | 3 |  3.0
Stealth        | |  2.1
Spellcasting   | |  2.7
Ice Magic      | |  4.9

Action                   || total
-------------------------++-------
Melee: Whip              ||     5
       Dagger            ||     8
 Cast: Freeze            ||    27
       Frozen Ramparts   ||     2
 Stab: Sleeping          ||     1
Armor: Robe              ||     1
Dodge: Dodged            ||    21
